 Dungeon Crawl Stone Soup version 0.30.1-3-gfc49f6343a (webtiles) character file.

Game seed: 8420644896223560997

194 KyoPewz the Cudgeller (level 5, -8/46 (50) HPs)
             Began as an Ogre Gladiator on July 30, 2023.
             Mangled by a wight
             ... wielding a +5 flail
              (13 damage)
             ... on level 3 of the Dungeon.
             The game lasted 00:06:25 (2429 turns).

KyoPewz the Cudgeller (Ogre Gladiator)              Turns: 2429, Time: 00:06:26

HP:   -8/46 (50)    AC:  3    Str: 20    XL:     5   Next: 73%
MP:   5/5           EV: 10    Int:  9    God:
Gold: 117           SH:  0    Dex: 10    Spells: 4/4 levels left

rFire   . . .        r - +1 hammer (drain)
rCold   . . .        (no shield)
rNeg    . . .        b - +0 robe
rPois   .            c - +0 hat
rElec   .            (no cloak)
rCorr   .            (gloves unavailable)
SInv    .            (boots unavailable)
Will    .....        h - amulet of the acrobat
Stlth   +            (no ring)
HPRegen 0.27/turn    (no ring)
MPRegen 0.09/turn

%: acrobat
@: drained
A: large, unfitting armour, tough skin 1
a: no special abilities


You were on level 3 of the Dungeon.
You visited 1 branch of the dungeon, and saw 4 of its levels.

You collected 117 gold pieces.

Inventory:

Hand Weapons
 a - a +0 flail
 r - a +1 hammer of draining (weapon)
 w - a +0 morningstar
Missiles
 d - 3 throwing nets
 e - 4 large rocks (quivered)
 j - 6 boomerangs
 k - 41 stones
 x - 6 poisoned darts
Armour
 b - a +0 robe (worn)
 c - a +0 hat (worn)
 q - a +0 cloak
Jewellery
 h - an amulet of the acrobat (around neck)
 p - a +6 ring of strength
 s - the ring of Nuilahy {Fire Str-4 Int+3 SInv}
   (You found it on level 2 of the Dungeon)

   [ring of fire]

   It enhances your fire magic.
   Str:       It affects your strength (-4).
   Int:       It affects your intelligence (+3).
   rF:        It protects you from fire.
   rC:        It makes you vulnerable to cold.
   SInv:      It lets you see invisible.
Wands
 y - a wand of flame (25)
Scrolls
 m - 4 scrolls of identify {unknown}
 t - a scroll of amnesia {unknown}
 u - a scroll of enchant armour {unknown}
 v - 2 scrolls of poison {unknown}
 A - a scroll of blinking {unknown}
 B - a scroll of summoning {unknown}
Potions
 f - a potion of heal wounds {unknown}
 g - 4 potions of curing {unknown}
 i - a potion of flight {unknown}
 l - a potion of brilliance {unknown}
 n - a potion of might {unknown}
 o - a potion of invisibility {unknown}
 z - a potion of lignification {unknown}


   Skills:
 - Level 2.6 Fighting
 * Level 4.9 Maces & Flails
 + Level 3.5 Throwing
 - Level 2.6 Dodging


You had 4 spell levels left.
You didn't know any spells.
Your spell library contained the following spells:

 Spells                   Type           Power      Damage    Failure   Level
 Blink                    Tloc           0%         N/A       52%         2
 Lesser Beckoning         Tloc           0%         N/A       52%         2
 Momentum Strike          Conj/Tloc      0%         3d8       52%         2


Dungeon Overview and Level Annotations

Branches:
Dungeon (4/15)
 Temple: D:4-7

Altars:
Ashenzari
Zin


Innate Abilities, Weirdness & Mutations

You are too large for most types of armour.
You have tough skin. (AC +1)


Message History

Done exploring.
Done exploring.
There is a stone staircase leading down here.
You climb downwards.
Found a scroll labelled IRECYISIEMU, a book of Callings and a morningstar.
Found a stone staircase leading down.
There is a stone staircase leading up here.
The helpless goblin fails to defend itself.
You sock the goblin!
You kill the goblin!
The hound barks!
The wight completely misses you. The wight closely misses you.
You climb upwards.
There is a stone staircase leading down here.
The wight attacks as you move away! The wight hits you with a +5 flail!
The wight completely misses you.
You take 7 damage, and have 43/50 hp.
You hit the wight.
The wight is heavily damaged.
You closely miss the wight.
The wight is heavily damaged.
The wight hits you with a +5 flail.
You take 6 damage, and have 38/50 hp.
You hit the wight but do no damage.
The wight is heavily damaged.
The wight hits you with a +5 flail!
You feel drained.
You take 16 damage, and have 22/48 hp.
MASSIVE DAMAGE!!
Okay, then.
Throw: 5 large rocks
Press: ? - help, Q - select action, (/) - cycle Shift-Dir - straight line, f - wight
Aim: a wight, wielding a +5 flail and wearing a +0 robe (heavily damaged, 57% to hit)
You throw a large rock.
The large rock hits the wight but does no damage.
The wight is heavily damaged.
The wight hits you with a +5 flail!
* * * LOW HITPOINT WARNING * * *
You feel drained.
* * * LOW HITPOINT WARNING * * *
The wight hits you with a +5 flail!
You die...

...#....#### #...##......♣#..
...###.....#######...##....._♣#..
...##....#...................♣##.
........####.#..............♣♣#..
...##.#..#.._................##..
...##......#.###.#...#.#.....#.##
.<.##.#...#..# #.#...#.#....##.##
##.##........# #.#...#.#........#
..........##.# #@#...#.######..#.
.#..###..###.# #z#...#.# #...#
.#..###..###.# #z.>....# ##...
.............# ###...### ##.#
....########## ##.###### ###
.##.# #.##...### .<..#
#........## #####
##########.........#
#........#.#.....#.#


You could see 2 wights.

Vanquished Creatures
  An orc priest (D:3)
  Jessica (D:3)
  Crazy Yiuf (D:2)
  Robin (D:1)
  An adder (D:2)
  A dart slug (D:2)
  6 orcs (D:3)
  6 ball pythons
  5 endoplasms (D:1)
  4 giant cockroaches (D:1)
  16 goblins
  9 hobgoblins
  6 jackals
  A quokka (D:1)
  6 bats
  4 frilled lizards
  6 kobolds
  2 rats
77 creatures vanquished.

Notes
Turn   | Place    | Note
-------+----------+-------------------------------------------
     0 | D:1      | KyoPewz the Ogre Gladiator began the quest for the Orb.
     0 | D:1      | Reached XP level 1. HP: 22/22 MP: 1/1
   113 | D:1      | Reached skill level 3 in Maces & Flails
   113 | D:1      | Reached XP level 2. HP: 29/29 MP: 2/2
   336 | D:1      | Reached XP level 3. HP: 18/36 MP: 3/3
   780 | D:2      | Noticed Robin
   816 | D:1      | Killed Robin
   817 | D:1      | Reached XP level 4. HP: 25/44 MP: 4/4
  1010 | D:2      | Reached skill level 4 in Maces & Flails
  1443 | D:2      | Found a runed translucent door.
  1444 | D:2      | Noticed Crazy Yiuf
  1448 | D:2      | Killed Crazy Yiuf
  1538 | D:2      | Identified the ring of Nuilahy {Fire Str-4 Int+3 SInv}
  1558 | D:2      | Reached XP level 5. HP: 48/50 MP: 5/5
  1705 | D:3      | Found a broken altar of Ashenzari.
  1731 | D:3      | Found a glowing silver altar of Zin.
  1975 | D:3      | Found a faded altar of an unknown god.
  2226 | D:3      | Noticed Jessica
  2227 | D:3      | Killed Jessica
  2429 | D:3      | Mangled by a wight

Illustrated notes

Levels and vault maps discovered:
D:1:      mrwooster_arrival_statue, layout_basic
D:2:      cheibrodos_helix_gallery, layout_loops_ring, uniq_robin,
          uniq_crazy_yiuf_cottage
D:3:      layout_loops_cross, zin_academy, ashenzari_altar_1,
          shapermc_ecumenical_altar_pompeii, uniq_jessica
D:4:      layout_rooms, general_overflow_altar, fedhas_altar_3, uniq_ijyb

Skill      XL: |  1  2  3  4 |
---------------+-------------+-----
Maces & Flails | 3 4 |  4.9
Throwing       | 3 |  3.5
Fighting       | |  2.6
Dodging        | |  2.6

Action                     |  1- 3 |  4- 6 || total
---------------------------+-------+-------++-------
  Melee: Flail             |   108 |    49 ||   157
         Mace              |       |    47 ||    47
         Punch             |       |     1 ||     1
  Throw: Large rock        |       |     5 ||     5
   Stab: Sleeping          |       |     1 ||     1
 Armour: Robe              |    41 |    26 ||    67
  Dodge: Dodged            |    86 |    74 ||   160
